 Dungeon Crawl Stone Soup version 0.28-a0-691-gad6df49e81 (webtiles) character file.

Game seed: 15543214246915870339

3616 timneilson the Blocker (level 10, -2/60 HPs)
             Began as a Gargoyle Fighter on Oct 21, 2021.
             Was an Elder of Okawaru.
             Shot with a sling bullet by Joseph (7 damage)
             ... on level 7 of the Dungeon.
             The game lasted 00:19:49 (7662 turns).

timneilson the Blocker (Gargoyle Fighter)           Turns: 7662, Time: 00:19:50

Health: -2/60      AC: 23    Str: 29    XL:     10   Next: 11%
Magic:  10/10      EV: 10    Int:  9    God:    Okawaru [****..]
Gold:   142        SH:  5    Dex:  9    Spells: 9/9 levels left

rFire   . . .      SeeInvis .   n - +0 scimitar (venom)
rCold   . . .      Faith    .   c - +0 buckler
rNeg    + . .      Spirit   .   l - +0 chain mail
rPois   ∞          Reflect  .   (no helmet)
rElec   +          Harm     .   q - +0 cloak
rCorr   .          Rampage  .   (no gloves)
Will    .....                   (no boots)
Stlth   ..........              (no amulet)
HPRegen 0.20/turn               e - +4 ring of protection
MPRegen 0.12/turn               r - +6 ring of strength

@: mighty, hasted, very quick
A: sickness immunity, AC +7, negative energy resistance 1, electricity
resistance, torment resistance 1, petrification resistance
a: Renounce Religion, Heroism, Finesse


You were on level 7 of the Dungeon.
You worshipped Okawaru.
Okawaru was greatly pleased with you.
You visited 2 branches of the dungeon, and saw 8 of its levels.

You collected 142 gold pieces.

Inventory:

Hand Weapons
 a - a +1 long sword
 n - a +0 scimitar of venom (weapon)
 o - a +2 antimagic long sword
Armour
 c - a +0 buckler (worn)
 l - a +0 chain mail (worn)
 q - a +0 cloak (worn)
 t - a +0 plate armour
 w - the +2 tower shield of the Several Towns {-Cast Str+5}
   (You found it on level 7 of the Dungeon)

   Str:       It affects your strength (+5).
   -Cast:     It prevents spellcasting.
Jewellery
 e - a +4 ring of protection (left hand)
 r - a +6 ring of strength (right hand)
Wands
 b - a wand of flame (16)
 i - a wand of acid (6)
Scrolls
 h - 2 scrolls of enchant weapon
 j - 2 scrolls of fog
 k - a scroll of noise {unknown}
 s - a scroll of teleportation
Potions
 d - a potion of might
 f - a potion of flight
 g - a potion of haste
 m - a potion of invisibility
 p - 2 potions of brilliance
 u - a potion of berserk rage


   Skills:
 + Level 6.3 Fighting
 * Level 6.4 Long Blades
 * Level 8.0 Armour
 + Level 3.5 Dodging
 * Level 8.0 Shields
 + Level 4.0 Evocations


You had 9 spell levels left.
You didn't know any spells.
Your spell library contained the following spells:

 Spells                   Type           Power      Damage    Failure   Level
 Gell's Gravitas          Tloc           0%         N/A       99%         3
 Lesser Beckoning         Tloc           0%         N/A       99%         3
 Teleport Other           Tloc           0%         N/A       99%         3


Dungeon Overview and Level Annotations

Branches:
Dungeon (7/15)             Temple (1/1) D:4

Altars:
Ashenzari
Cheibriados
Dithmenos
Elyvilon
Fedhas
Gozag
Hepliaklqana
Kikubaaqudgha
Makhleb
Nemelex Xobeh
Okawaru
Qazlal
Ru
Sif Muna
Trog
Uskayaw
Vehumet
Wu Jian
Xom
Yredelemnul
Zin
The Shining One

Shops:
D:1 [   D:2 (   D:5 (   D:7 *?

Annotations:
D:6 2 runed translucent doors, bronco's ghost, novice KoFi
D:7 Joseph; Pikel


Innate Abilities, Weirdness & Mutations

You are immune to sickness and miasma.
Your stone body is resilient. (AC +7)
You are immune to poison.
You resist negative energy. (rN+)
You are resistant to electric shocks. (rElec)
You are resistant to unholy torment.
You are immune to petrification.


Message History

The orc hits you but does no damage.
Joseph says, "You will never get the ORB, sorry."
Joseph zaps a wand.
You struggle to resist.
You closely miss Joseph.
Joseph is heavily wounded.
The orc hits you but does no damage.
You closely miss Joseph.
Joseph is heavily wounded.
Joseph hits you with a +0 quarterstaff of speed.
Pikel the Slaver comes into view.
He is wielding a +0 whip of freezing.
Joseph zaps a wand.
Your mind is blasted!
* * * LOW HITPOINT WARNING * * *
Unknown command.
You feel better.
Pikel shouts!
You hear a shout!
The orc hits you with a +0 club.
* * * LOW HITPOINT WARNING * * *
You closely miss Joseph.
Joseph is heavily wounded.
You block Joseph's attack. The orc closely misses you.
A lemure comes into view.
You hit Joseph.
Joseph looks as sick as possible!
Joseph is heavily wounded.
Joseph hits you with a +0 quarterstaff of speed.
* * * LOW HITPOINT WARNING * * *
Joseph hits you with a +0 quarterstaff of speed.
* * * LOW HITPOINT WARNING * * *
The orc hits you but does no damage.
You closely miss Joseph.
Joseph is severely wounded.
You block Joseph's attack.
Unknown command.
You barely miss Joseph.
Joseph is severely wounded.
The orc misses you. You block Joseph's attack.
Unknown command.
Joseph unwields a +0 quarterstaff of speed.
Joseph wields a +4 hunting sling.
Joseph shoots a sling bullet.
The sling bullet hits you!
You die...

... ##### ##.. ..
#...#....##..####
..#...#..<.##.....#
.$#...#..).##.....# .5.......#
#.....# #....... #.....#
#Ko..######.....####
...###@#.....##........##.
..........@...!............
........#.....#######...##.
........#.######...##...#
#.....##/./.#.# #...##...###
###.....#####.#.# #.....###...
..#.....#####...# ###...........
.......##...########.............
.......++..........)..###........
.......##...########..#∩'..###...


You could see Joseph (extremely poisoned), a lemure and an orc.

Vanquished Creatures
  Harold (D:6)
  Grinder (D:3)
  A wraith (D:6)
  Eustachio (D:4)
  2 steam dragons (D:6)
  Menkaure (D:5)
  A water moccasin (D:7)
  An ice beast (D:6)
  A black bear (D:4)
  An orc warrior (D:6)
  A necrophage (D:5)
  2 centaurs
  A phantom (D:5)
  2 bullfrogs (D:6)
  3 scorpions
  Blork the orc (D:4)
  2 water moccasin zombies (D:5)
  3 wights (D:5)
  2 hounds
  3 jellies
  2 orc priests
  A centaur skeleton (D:5)
  Ijyb (D:4)
  7 iguanas
  7 orc wizards
  A killer bee zombie (D:5)
  2 hound skeletons
  10 adders
  A white imp (D:5)
  2 dart slugs
  A worm (D:2)
  14 orcs
  6 endoplasms
  2 giant cockroaches
  4 goblins
  8 hobgoblins
  3 jackals (D:1)
  5 quokkas
  8 ball pythons
  3 bats
  2 frilled lizards (D:2)
  6 kobolds
  A quokka skeleton (D:4)
  4 rats
132 creatures vanquished.

Vanquished Creatures (others)
  An orc (D:6)
  A plant (D:5)
2 creatures vanquished.

Grand Total: 134 creatures vanquished

Notes
Turn   | Place    | Note
-------+----------+-------------------------------------------
     0 | D:1      | timneilson the Gargoyle Fighter began the quest for the
                  | Orb.
     0 | D:1      | Reached XP level 1. HP: 14/14 MP: 1/1
   199 | D:1      | Reached XP level 2. HP: 19/19 MP: 2/2
   456 | D:1      | Found Memoek's Armour Emporium.
   581 | D:1      | Found a faded altar of an unknown god.
  1006 | D:2      | Reached XP level 3. HP: 22/23 MP: 3/3
  1250 | D:2      | Reached XP level 4. HP: 13/29 MP: 4/4
  1742 | D:2      | Found Ewukus's Antique Weapon Shoppe.
  1989 | D:3      | Noticed Grinder
  1996 | D:3      | Killed Grinder
  1997 | D:3      | Reached skill level 1 in Dodging
  1997 | D:3      | Reached skill level 1 in Evocations
  1997 | D:3      | Reached XP level 5. HP: 22/33 MP: 5/5
  1997 | D:3      | Reached XP level 6. HP: 25/38 MP: 6/6
  2703 | D:4      | Noticed a black bear
  2715 | D:4      | Killed a black bear
  2867 | D:4      | Noticed Eustachio
  2916 | D:4      | Killed Eustachio
  2917 | D:4      | Reached skill level 5 in Armour
  2917 | D:4      | Reached skill level 5 in Shields
  2917 | D:4      | Reached XP level 7. HP: 10/44 MP: 7/7
  3183 | D:4      | Noticed Ijyb
  3195 | D:4      | Killed Ijyb
  3767 | D:4      | Found a staircase to the Ecumenical Temple.
  3775 | Temple   | Entered the Ecumenical Temple
  3802 | Temple   | Became a worshipper of Warmaster Okawaru
  4410 | D:4      | Found a white marble altar of Elyvilon.
  4555 | D:4      | Noticed Blork the orc
  4563 | D:4      | Killed Blork the orc
  4774 | D:5      | Entered Level 5 of the Dungeon
  4811 | D:5      | Reached XP level 8. HP: 43/48 MP: 8/8
  4875 | D:5      | Noticed Menkaure
  4887 | D:5      | Killed Menkaure
  5171 | D:5      | Reached * piety under Okawaru
  5174 | D:5      | Reached skill level 5 in Fighting
  5340 | D:5      | Found Jyesorr's Hydra Hut.
  5341 | D:5      | Noticed a five-headed hydra
  5868 | D:5      | Reached skill level 5 in Long Blades
  6074 | D:5      | Reached XP level 9. HP: 54/54 MP: 3/9
  6077 | D:5      | Reached ** piety under Okawaru
  7220 | D:6      | Found a large runed translucent door.
  7221 | D:6      | Found a large runed translucent door.
  7234 | D:6      | Noticed bronco's ghost (novice KoFi)
  7297 | D:6      | Reached *** piety under Okawaru
  7473 | D:7      | Noticed Harold
  7473 | D:7      | Found Asisung's General Store.
  7490 | D:6      | Killed Harold
  7490 | D:6      | Reached **** piety under Okawaru
  7491 | D:6      | Reached XP level 10. HP: 15/60 MP: 10/10
  7599 | D:7      | Identified the +2 tower shield of the Several Towns {-Cast
                  | Str+5}
  7607 | D:7      | Found Omiasm's Magic Scroll Shoppe.
  7643 | D:7      | Noticed Joseph
  7654 | D:7      | Noticed Pikel
  7654 | D:7      | HP: 1/60 [disintegration (23)]
  7662 | D:7      | Shot with a sling bullet by Joseph

Illustrated notes

Levels and vault maps discovered:
D:1:      nzn_arrival_depleted_hourglass, layout_loops_cross, serial_shops,
          nicolae_diamond_shop, chequers_ecumenical_altar_lobes
D:2:      layout_loops_cross, serial_shops,
          nicolae_shop_temple_entry_statues_fountains
D:3:      layout_basic, uniq_grinder
D:4:      layout_basic, nicolae_elyvilon_temple_path,
          minmay_temple_entry_glassed_door, uniq_eustachio, uniq_ijyb,
          uniq_blork_the_orc
D:5:      layout_loops_cross, st_stairs_13, grunt_ministairs_14,
          grunt_decor_arrowhead, doesnt_shop_hydraphobe, uniq_menkaure
D:6:      layout_rooms, ebering_ghost_disaster_area
D:7:      layout_basic, nicolae_ossuary_entry_ruins, serial_shops,
          kennysheep_mini_moat, nicolae_inconvenience_store, shop,
          nicolae_stop_n_shop_2, nicolae_square_shop, uniq_pikel, uniq_joseph,
          uniq_harold
Temple:   compressed_dpeg_triangle_lava_temple

Skill      XL: |  1  2  3  4  5  6  7  8  9 10 |
---------------+-------------------------------+-----
Long Blades    | 2 3 4 5 6 |  6.4
Fighting       | 4 5 6 |  6.3
Armour         | 4 5 6 7 8 |  8.0
Dodging        | 1 2 3 |  3.5
Shields        | 4 5 6 7 8 |  8.0
Evocations     | 1 2 3 4 |  4.0

Action                   |  1- 3 |  4- 6 |  7- 9 | 10-12 || total
-------------------------+-------+-------+-------+-------++-------
Melee: Long sword        |   102 |   121 |   429 |       ||   652
       Scimitar          |       |       |    25 |    26 ||    51
  Use: Scroll            |     3 |     2 |     7 |       ||    12
       Potion            |       |     3 |     1 |     3 ||     7
Armor: Scale mail        |    68 |    20 |       |       ||    88
       Chain mail        |       |    98 |   362 |    17 ||   477
Dodge: Dodged            |    40 |    81 |   186 |    14 ||   321
Block: Buckler           |    19 |    36 |   106 |    10 ||   171

Table legend: (Time is in decaauts)
 A = Elapsed time spent in this place.
 B = Non-inter-level travel time spent in this place.
 C = Inter-level travel time spent in this place.
 D = Time resting spent in this place.
 E = Time spent auto-exploring this place.
 F = Levels seen in this place.
 G = Mean time per level.
                   A        B        C        D        E       F      G
               +--------+--------+--------+--------+--------+-----+--------+
         Total |   7803 |   7561 |    242 |    437 |   5153 |   8 |  975.4 |
       Dungeon |   7446 |   7223 |    223 |    437 |   4838 |   7 | 1063.7 |
        Temple |    356 |    337 |     19 |      0 |    315 |   1 |  356.0 |
               +--------+--------+--------+--------+--------+-----+--------+

Top non-repeatable levels by time:
     D:4: 1551 daAuts
     D:5: 1521 daAuts
     D:6: 1292 daAuts
     D:2: 1044 daAuts
     D:1: 963 daAuts
     D:3: 936 daAuts
  Temple: 356 daAuts
     D:7: 136 daAuts
